Unix xNetHack Version 7.1.0 - last build Jul 19 2022 14:02:28 (a8c4666137c2c631a57c77f6261166d76d9e3895). Game began 2022-07-27 17:42:15, ended 2022-07-27 21:12:59. delisma, lawful male human Knight ---------- |.........# ###.........|# # |.......<|### # ---------- ## # *## # ##### # # --- # ######+# ..N # ### |.M # # ----.---- .f.H #)# ##........| |dwV|### (############## |.......| .FD@@: # |.......| |.=O| #####........| ---- --------- Delisma the Esquire St:18 Dx:8 Co:11 In:7 Wi:14 Ch:17 Lawful S:815 Dlvl:6 $:75 HP:0(35) Pw:28(28) AC:0 Xp:4/150 T:1026 Hallu Latest messages: You feel less wobbly now. You try to move the boulder, but in vain. $ - 36 gold pieces {0}. You see here a violet gem. u - a violet gem {1}. With great effort you move the boulder. You try to move the boulder, but in vain. You try to move the boulder, but in vain. With great effort you move the boulder. The cat in the hat bites! You kill the black light! You see here a fox corpse. The door opens. You enter an opulent throne room! The black light wakes up. The coyote wakes up. Pick an object. The green dragon wakes up. The wraith wakes up. The gnomish wizard wakes up. The fog cloud wakes up. The fire elemental wakes up. The gnome mummy wakes up. You kill the clay golem! The coyote bites! Grand Moff Tarkin punches you! The gnome mummy wields a scimitar! The black unicorn bites! w - a candle {2}. The black unicorn bites! The angel of death swings their scimitar. The dropbear misses! The shrieker misses! The Holy Spirit throws an orcish dagger! The orcish dagger hits the garter snake. The lurker above is killed! The giant zombie misses! You gash the wood golem! The fox bites! The captain misses! The cremling swings its gold mace. The runaway shopping cart smacks you! The baby gold dragon swings its gold mace. The red naga bashes you! You die... Do you want your possessions identified? y Do you want to see your attributes? y Do you want an account of creatures vanquished? y Do you want to see your conduct and achievements? y Do you want to see the dungeon overview? y Major events: Turn 1: delisma the lawful male human Knight entered the dungeon 489: attained the rank of Esquire (level 3) 1026: killed by a hallucinogen-distorted dwarf queen Inventory: Inventory: 663/775 weight (17/52 slots) Coins $ - 75 gold pieces {1} Weapons a - a +2 long sword (weapon in hand) {40} Armor d - an uncursed +0 helmet (being worn) {23} f - a blessed +0 pair of leather gloves (being worn) {8} e - an uncursed +0 small shield (being worn) {23} t - an uncursed +0 plate mail (being worn) {338} Comestibles g - 11 uncursed apples {22} h - 12 uncursed carrots {24} v - an uncursed food ration {20} Scrolls k - an uncursed scroll of blank paper {5} q - an uncursed scroll of confuse monster {5} Rings i - an uncursed ring of polymorph control (on right hand) {3} Tools n - an uncursed leash {12} s - an uncursed cloth saddle {133} w - an uncursed wax candle {2} Gems/Stones r - an uncursed garnet stone {1} m - a cursed jade stone {1} u - 2 uncursed worthless pieces of violet glass {2} Delisma the Knight's attributes: Background: You were an Esquire, a level 4 male human Knight. You were lawful, nominally on a mission for Lugh who was opposed by Brigit (neutral) and Manannan Mac Lir (chaotic). You were heterosexual. You were in the Dungeons of Doom, on level 6. You entered the dungeon 1026 turns ago. There was a new moon in effect when your adventure ended. You had 150 experience points, 10 more were needed to attain level 5. Your score was 815 before end-of-game adjustments. Basics: You had 0 out of 35 hit points. You had all 28 energy points (spell power). Your armor class was 0. Your wallet contained 75 cubits. Autopickup was on for '$' plus thrown. Final Characteristics: Your strength was 18 (limit:18/100). Your dexterity was 8 (limit:18). Your constitution was 11 (limit:18). Your intelligence was 7 (limit:18). Your wisdom was 14 (limit:18). Your charisma was 17 (limit:18). Final Status: You were hallucinating. You were not hungry. You were unencumbered. You were wielding a long sword. You had basic skill with long sword. Final Attributes: You were devoutly aligned. You could jump. You were guarded. You had polymorph control. You were unlucky. You are dead. Miscellaneous: You encountered 1 bones level. Total elapsed playing time was 31 minutes and 48 seconds. Vanquished creatures: a pony a homunculus 3 iguanas 3 coyotes a hobgoblin a gnome a garter snake 2 geckos a jackal a fox 4 kobolds a goblin 4 lichens 2 kobold zombies 8 newts and a partridge in a pear tree 34 creatures vanquished. No species were genocided or became extinct. Voluntary challenges: You were an atheist. You read items or engraved 2 times. You never genocided any monsters. You never polymorphed an object. You never changed form. You never touched an artifact. You used no wishes. You never scared an enemy with impunity. You were celibate. You never generated conflict. Achievement: You attained the rank of Esquire. The Dungeons of Doom: levels 1 to 6 Level 1: Level 2: A tree. Level 3: A grave. Level 4: An altar. Level 5: Final resting place for SamG-Arc-Hum-Fem-Neu, killed by a rabid rat, while praying. Level 6: <- You were here. A throne. Final resting place for you, killed by a hallucinogen-distorted dwarf queen. Game over: __________ / \ / REST \ / IN \ / PEACE \ / \ | delisma | | 75 Au | | killed by a | | hallucinogen-dis | | torted dwarf | | queen | | 2022 | *| * * * | * _________)/\\_//(\/(/\)/\//\/|_)_______ Fare thee well delisma the Knight... You died in The Dungeons of Doom on dungeon level 6 with 808 points, and 75 pieces of gold, after 1026 moves. You were level 4 with a maximum of 35 hit points when you died.